Map: World of Sleepers LE

Players

Reynor - Winner!

  • Race: Zerg Zerg
  • Spawn Location: 1:00

HeRoMaRinE

  • Race: Terran Terran
  • Spawn Location: 7:00

Event: 2019 WCS Global FInals

VOD

Have the link to the VOD?

Description

Time

  • Played on: Oct. 26, 2019, 2:59 a.m.
  • Length: 35:56

All games in this series

Show
View Real Time Build Order
Export as new Build Order

Reynor Zerg - Winner!

Build Orders: Hatch First 

Get SALT Encoding   

  12  0:00  Drone  
  13  0:12  Overlord  
  13  0:17  Drone  
  14  0:30  Drone x2  
  16  0:48  Hatchery  
  15  0:51  Drone  
  15  0:54  Drone  
  17  0:57  Drone  
  18  1:08  Extractor  
  17  1:13  Spawning Pool  
  17  1:16  Drone  
  17  1:19  Drone  
  18  1:27  Drone  
  19  1:38  Drone  
  20  1:48  Overlord  
  20  2:00  Zergling x4, Queen x2  
  26  2:10  Drone x2  
  28  2:21  Drone x2  
  30  2:27  Hatchery  
  29  2:31  Drone  
  29  2:32  Drone  
  31  2:39  Pneumatized Carapace  
  31  2:44  Queen  
  31  2:49  Overlord  
  34  2:51  Drone  
  34  2:55  Drone  
  34  2:56  Drone  
  36  3:04  Metabolic Boost  
  36  3:08  Drone x3  
  36  3:11  Overlord  
  39  3:13  Drone  
  39  3:15  Drone  
  39  3:19  Drone  
  42  3:23  Queen  
  44  3:29  Drone x2  
  46  3:37  Overlord, Drone  
  46  3:39  Drone  
  46  3:40  Queen  
  50  3:46  Zergling x6  
  50  3:48  Drone  
  54  3:53  Zergling x4  
  54  3:55  Overlord  
  56  3:57  Zergling x4  
  56  4:03  Drone  
  56  4:04  Drone x2  
  53  4:11  Drone x2  
  53  4:15  Drone  
  51  4:24  Spore Crawler  
  50  4:25  Drone  
  50  4:26  Drone  
  50  4:28  Drone  
  53  4:32  Spore Crawler  
  53  4:33  Drone  
  53  4:35  Drone  
  54  4:39  Spore Crawler  
  54  4:41  Drone x2  
  54  4:42  Drone  
  54  4:45  Drone  
  57  4:47  Drone x2  
  57  4:50  Overlord  
  57  4:52  Drone  
  60  4:53  Drone  
  60  4:55  Drone  
  60  4:58  Drone x2  
  64  5:03  Queen  
  64  5:05  Drone x2  
  68  5:07  Drone  
  68  5:09  Drone x2  
  68  5:13  Drone x2  
  73  5:17  Evolution Chamber  
  73  5:18  Evolution Chamber  
  73  5:19  Drone x3  
  74  5:23  Drone x3  
  74  5:27  Unknown  
  76  5:34  Drone x3  
  79  5:36  Hatchery  
  79  5:37  Zergling x2  
  79  5:38  Zergling x4  
  79  5:42  Lair  
  81  5:49  Zerg Ground Armor Level 1  
  81  5:50  Drone, Extractor  
  81  5:53  Overlord  
  81  5:54  Drone  
  81  5:56  Overlord  
  81  6:01  Overlord  
  81  6:04  Zerg Melee Weapons Level 1  
  81  6:05  Baneling Nest, Extractor  
  81  6:09  Drone x2  
  81  6:10  Overlord  
  80  6:11  Drone x3  
  80  6:12  Drone x3  
  80  6:14  Drone x2  
  80  6:17  Extractor, Zergling x6  
  89  6:24  Zergling x4  
  91  6:30  Zergling x6  
  94  6:33  Zergling x2  
  94  6:39  Zergling x8  
  99  6:41  Overseer, Zergling x2  
  99  6:45  Zergling x4  
  102  6:47  Drone  
  102  6:49  Hydralisk Den  
  102  6:52  Centrifical Hooks, Zergling x2  
  103  6:55  Baneling x5  
  103  6:58  Zergling x16  
  111  7:02  Drone, Queen  
  111  7:08  Overlord  
  114  7:09  Drone x3  
  114  7:10  Drone  
  114  7:11  Zergling x2  
  114  7:15  Zergling x2  
  118  7:21  Overlord, Drone, Muscular Augments  
  119  7:26  Overlord  
  119  7:29  Hydralisk x4  
  121  7:32  Overlord  
  121  7:34  Overlord  
  121  7:35  Infestation Pit  
  126  7:37  Overlord  
  126  7:42  Overlord  
  126  7:44  Hydralisk x4  
  126  7:46  Zerg Ground Armor Level 2  
  126  7:48  Overlord, Drone  
  135  7:51  Drone x2  
  135  7:56  Hydralisk x3  
  135  7:57  Zergling x4  
  135  7:58  Zergling x2  
  146  8:01  Baneling x6  
  146  8:04  Hydralisk, Zergling x2  
  146  8:05  Zergling x2  
  150  8:06  Drone  
  150  8:07  Drone  
  150  8:11  Zergling x8  
  156  8:13  Baneling  
  156  8:15  Overlord  
  156  8:19  Drone x3  
  159  8:21  Infestation Pit  
  159  8:22  Hydralisk  
  159  8:23  Zergling x6  
  159  8:26  Zergling x6  
  159  8:27  Zergling x2  
  164  8:34  Hive  
  164  8:36  Drone x2  
  164  8:38  Zergling x6  
  164  8:40  Hydralisk, Zergling x2  
  164  8:41  Zergling x2  
  174  8:45  Zergling x4  
  174  8:46  Overlord  
  169  8:51  Hydralisk  
  169  8:53  Hydralisk x2  
  169  8:54  Zergling x2  
  161  8:55  Hydralisk  
  161  8:56  Zergling x2  
  161  8:59  Zergling x2  
  152  9:06  Spore Crawler  
  152  9:07  Overseer  
  152  9:08  Zergling x10  
  150  9:11  Zergling x2  
  150  9:12  Zergling x2  
  150  9:14  Zergling x2  
  150  9:16  Hatchery  
  152  9:21  Grooved Spines  
  152  9:24  Spire  
  152  9:25  Spore Crawler, Zergling x8  
  152  9:27  Baneling x8  
  152  9:30  Zergling x4  
  156  9:33  Zergling x2  
  156  9:36  Zergling x2  
  156  9:37  Zergling x14  
  164  9:40  Overlord, Zerg Melee Weapons Level 2  
  164  9:41  Zergling x4  
  164  9:45  Drone x3  
  165  9:55  Hydralisk x2  
  165  9:56  Zergling x8  
  172  10:02  Hydralisk  
  172  10:03  Zergling x2  
  172  10:05  Zergling x8  
  179  10:10  Viper x3  
  179  10:12  Drone x3  
  191  10:14  Extractor  
  191  10:16  Drone  
  191  10:19  Overlord  
  191  10:21  Overlord x2  
  191  10:22  Overlord  
  191  10:26  Adrenal Glands, Unknown  
  190  10:29  Zergling x12  
  195  10:36  Zergling x8  
  189  10:47  Zergling x18  
  195  10:53  Zerg Ground Armor Level 3  
  195  10:55  Drone x4  
  199  10:58  Overlord  
  199  11:03  Baneling x2  
  199  11:04  Baneling x11  
  198  11:11  Greater Spire  
  198  11:14  Spore Crawler, Drone x2, Spine Crawler  
  198  11:15  Spine Crawler  
  195  11:26  Baneling  
  195  11:27  Baneling x12  
  195  11:34  Overseer x2  
  195  11:38  Baneling x2  
  195  11:39  Baneling x5  
  195  11:43  Drone x5  
  196  11:47  Zergling x2  
  196  11:48  Zergling x6  
  198  11:59  Extractor  
  198  12:01  Extractor  
  187  12:02  Zergling x24  
  194  12:11  Zergling x20  
  194  12:12  Zergling x12  
  194  12:13  Zergling x2  
  195  12:18  Zergling x14  
  182  12:23  Hydralisk  
  182  12:26  Zergling x10  
  182  12:27  Zergling x2  
  182  12:29  Zergling x2  
  190  12:30  Zergling x16  
  190  12:33  Zergling x4  
  188  12:38  Zergling x2  
  188  12:40  Zerg Flyer Weapons Level 1  
  188  12:42  Spire  
  175  12:45  Zergling x8  
  175  12:47  Baneling x5  
  175  12:50  Queen  
  178  12:52  Zergling x8  
  180  12:58  Baneling x16  
  180  12:59  Hatchery  
  170  13:19  Corruptor x7  
  176  13:21  Hatchery, Zergling x14  
  174  13:28  Zerg Melee Weapons Level 3  
  174  13:33  Zergling x18  
  175  13:35  Hydralisk  
  175  13:36  Zergling x10  
  161  13:46  Hydralisk  
  161  13:47  Zergling x8  
  150  13:50  Brood Lord x3  
  149  13:56  Brood Lord x2  
  149  14:01  Brood Lord  
  157  14:03  Brood Lord  
  157  14:08  Drone x5  
  157  14:09  Drone  
  163  14:10  Drone  
  163  14:19  Baneling x3  
  163  14:27  Hydralisk x6, Zergling x2  
  163  14:28  Zergling x10  
  163  14:30  Overseer  
  181  14:35  Drone x4  
  181  14:37  Extractor  
  181  14:38  Queen  
  179  14:57  Zergling x20  
  184  15:10  Infestor x7  
  198  15:21  Baneling x10  
  198  15:23  Drone  
  198  15:24  Extractor  
  198  15:26  Spine Crawler  
  198  15:27  Spore Crawler x2, Drone x2  
  197  15:28  Spore Crawler, Extractor  
  197  15:29  Spine Crawler  
  197  15:30  Extractor  
  193  15:39  Baneling x5  
  193  15:40  Baneling, Zergling x16  
  199  15:45  Burrow  
  199  15:51  Zerg Flyer Weapons Level 2  
  199  15:52  Zerg Flyer Armor Level 1  
  199  16:09  Spore Crawler x3  
  196  16:11  Spore Crawler  
  196  16:12  Spore Crawler  
  196  16:13  Spore Crawler x2  
  196  16:14  Spore Crawler x2  
  196  16:16  Spore Crawler  
  189  16:22  Drone x5  
  194  16:29  Corruptor  
  194  16:30  Corruptor x2  
  194  16:32  Spore Crawler  
  199  16:33  Spore Crawler x2  
  188  16:54  Drone x5  
  189  17:04  Spore Crawler, Drone x5  
  189  17:05  Spore Crawler  
  189  17:06  Spore Crawler  
  191  17:09  Drone x4  
  191  17:11  Brood Lord x2  
  199  17:20  Spore Crawler x2  
  197  17:32  Zergling x16  
  197  17:37  Zergling x6  
  197  17:41  Hatchery  
  197  17:42  Zergling x10  
  200  17:51  Baneling x12  
  198  17:59  Hydralisk  
  198  18:00  Zergling x4  
  196  18:05  Zergling x2  
  196  18:06  Zergling x10  
  196  18:08  Baneling x9  
  196  18:09  Baneling x7, Zergling x6  
  196  18:14  Zergling x20  
  196  18:16  Hydralisk  
  196  18:17  Zergling x2  
  199  18:25  Drone  
  198  18:31  Drone x2  
  200  18:39  Baneling x2  
  200  18:43  Zerg Flyer Weapons Level 3, Zerg Flyer Armor Level 2  
  200  18:45  Baneling x4  
  200  18:48  Spore Crawler  
  200  18:49  Spore Crawler  
  197  19:05  Corruptor  
  199  19:11  Overseer x3  
  199  19:23  Queen  
  190  19:32  Zergling x20  
  190  19:37  Baneling x8  
  190  19:38  Baneling x2  
  192  19:56  Infestor x4  
  200  20:05  Zergling x4  
  199  20:10  Zerg Missile Weapons Level 1  
  199  20:11  Overseer x3  
  188  20:31  Corruptor x9  
  188  20:33  Zergling x26  
  199  20:42  Zergling x32  
  195  20:47  Baneling x6  
  186  20:50  Zergling x16  
  186  20:51  Zergling x2  
  186  20:56  Baneling x16  
  186  20:57  Baneling  
  195  21:04  Brood Lord x2  
  199  21:07  Baneling x10  
  199  21:08  Baneling x9  
  199  21:09  Spore Crawler  
  194  21:12  Zergling x10  
  198  21:30  Spore Crawler  
  198  21:31  Spore Crawler  
  198  21:32  Spore Crawler  
  195  21:34  Brood Lord x2  
  197  21:44  Baneling x6, Brood Lord  
  199  21:48  Hatchery  
  199  21:51  Brood Lord  
  199  21:52  Extractor  
  198  21:56  Baneling x5  
  198  22:00  Spore Crawler x3  
  195  22:01  Spore Crawler  
  193  22:09  Zergling x14  
  193  22:14  Zergling x2  
  193  22:15  Zergling x8  
  197  22:26  Zergling x4  
  199  22:30  Extractor  
  199  22:37  Baneling x4  
  186  22:52  Zergling x24  
  186  22:56  Zergling x8  
  199  23:09  Zergling x2  
  199  23:10  Zergling x12  
  192  23:14  Zergling x16  
  200  23:26  Zergling x20  
  189  23:41  Zergling x22  
  188  23:50  Zergling x24  
  188  23:55  Zergling x24  
  188  23:57  Hydralisk x9  
  186  24:05  Zergling x2  
  186  24:06  Zergling x20  
  185  24:12  Brood Lord x4  
  185  24:15  Baneling x7  
  185  24:16  Hydralisk x5  
  199  24:22  Zergling x2  
  200  24:37  Zergling x32  
  199  24:40  Zergling x4  
  192  24:53  Corruptor x4  
  200  25:00  Baneling x3  
  200  25:01  Baneling x3  
  200  25:07  Zerg Flyer Armor Level 3  
  200  25:10  Baneling x4, Overseer  
  200  25:29  Spore Crawler  
  200  25:30  Spore Crawler x2  
  200  25:31  Spore Crawler, Drone x2  
  200  25:35  Brood Lord  
  199  25:38  Hatchery  
  199  25:40  Brood Lord  
  199  25:42  Spore Crawler  
  198  25:43  Baneling x4  
  198  25:49  Baneling x9  
  194  25:58  Hydralisk, Zergling x16  
  194  25:59  Zergling x6  
  198  26:14  Hatchery  
  198  26:16  Brood Lord  
  194  26:27  Corruptor x3  
  194  26:30  Zergling x6  
  194  26:31  Zergling x22  
  198  26:50  Drone  
  198  26:52  Baneling x7  
  199  27:15  Spore Crawler  
  188  27:28  Zergling x36  
  192  27:41  Corruptor  
  192  27:42  Corruptor x4  
  192  27:43  Queen  
  184  27:45  Brood Lord x3  
  184  27:46  Spore Crawler  
  184  27:47  Spore Crawler, Hydralisk  
  184  27:48  Zergling x26  
  189  27:58  Drone x3  
  189  27:59  Drone x2  
  182  28:07  Hydralisk x9, Baneling x7  
  182  28:09  Baneling x4  
  200  28:13  Baneling x4  
  200  28:16  Extractor  
  199  28:20  Spore Crawler  
  199  28:21  Spore Crawler, Extractor  
  199  28:22  Spore Crawler  
  199  28:24  Spore Crawler  
  194  28:28  Zergling x12  
  197  28:34  Spore Crawler  
  197  28:35  Spore Crawler  
  197  28:36  Spore Crawler x2  
  192  28:41  Overseer  
  192  28:51  Hatchery  
  191  28:59  Drone x3, Queen  
  191  29:02  Infestor  
  195  29:03  Infestor  
  199  29:31  Zergling x20  
  195  29:39  Overlord x3  
  190  29:46  Overlord  
  190  29:47  Overlord  
  190  29:58  Corruptor x4  
  190  29:59  Overseer, Hatchery  
  197  30:00  Overseer x2  
  194  30:09  Hydralisk x4  
  194  30:10  Zergling x4  
  194  30:12  Zergling x24  
  194  30:13  Zergling x10  
  197  30:17  Zergling x16  
  199  30:37  Baneling x9  
  199  30:47  Overseer  
  199  30:51  Baneling x5  
  199  31:00  Spore Crawler x3  
  196  31:04  Spore Crawler  
  196  31:05  Spore Crawler x2  
  196  31:07  Infestor x3  
  199  31:27  Baneling x6  
  199  31:28  Baneling x9  
  199  31:39  Infestor x2  
  195  31:46  Drone  
  199  32:20  Queen x3  
  195  32:38  Corruptor x2  
  195  32:42  Zerg Missile Weapons Level 2  
  199  32:48  Extractor  
  198  32:52  Drone  
  199  33:11  Spore Crawler  
  196  33:12  Spore Crawler  
  196  33:15  Zergling x14  
  197  33:20  Overseer x3  
  197  33:21  Corruptor x3  
  197  33:23  Overlord  
  192  33:44  Zergling x4  
  192  33:45  Zergling x14  
  200  34:02  Corruptor x5  
  198  34:19  Zergling x2  
  198  34:20  Zergling x2  
  198  34:23  Overlord  
  196  34:26  Baneling x7  
  196  34:27  Baneling x2  
  196  34:29  Corruptor x2  
  197  34:47  Infestor  
  184  35:01  Corruptor x8  
  195  35:08  Zergling x12  
  192  35:18  Zergling x14  
  163  35:22  Hydralisk x8  
  163  35:23  Zergling x16  
  163  35:25  Zergling x4  
  163  35:26  Zergling x26  
  190  35:33  Zergling x18  
Show
View Real Time Build Order
Export as new Build Order

HeRoMaRinE Terran 

Build Orders: Gas First Reaper Expand, Hellion Banshee 

Get SALT Encoding   

  12  0:00  SCV  
  13  0:12  SCV  
  14  0:16  Supply Depot  
  14  0:24  SCV  
  15  0:29  Refinery  
  15  0:38  SCV  
  16  0:44  Barracks  
  16  0:50  SCV  
  17  1:02  SCV  
  18  1:14  SCV  
  19  1:31  Reaper, Orbital Command  
  20  1:41  Command Center  
  20  1:52  Factory  
  20  1:56  SCV  
  21  2:07  Barracks Reactor  
  21  2:08  SCV  
  21  2:12  Supply Depot  
  21  2:13  Refinery  
  22  2:20  SCV  
  23  2:34  SCV  
  24  2:43  Starport  
  24  2:46  SCV  
  24  2:50  Hellion x2  
  29  2:53  Orbital Command  
  29  2:54  Barracks Tech Lab  
  29  2:58  SCV  
  30  3:10  SCV  
  30  3:11  Hellion x2  
  35  3:21  SCV  
  35  3:22  SCV  
  35  3:25  Cloaking Field  
  35  3:26  Banshee  
  40  3:31  Supply Depot  
  40  3:34  SCV  
  41  3:35  SCV  
  41  3:40  Barracks Tech Lab  
  41  3:41  Hellion  
  44  3:43  Hellion  
  46  3:52  SCV x2  
  46  3:54  Supply Depot  
  46  4:04  SCV x2  
  48  4:11  Banshee  
  48  4:16  SCV  
  48  4:17  Command Center  
  48  4:22  SCV  
  47  4:26  Marine  
  47  4:28  SCV, Stimpack  
  48  4:32  Supply Depot  
  48  4:35  SCV  
  49  4:39  Factory Reactor  
  49  4:41  SCV  
  49  4:44  Marine  
  49  4:45  Barracks  
  51  4:47  SCV  
  51  4:48  Barracks  
  52  4:53  SCV  
  52  4:59  SCV  
  54  5:02  Marine  
  54  5:04  Engineering Bay  
  54  5:05  SCV, Engineering Bay  
  53  5:08  Starport Reactor  
  53  5:11  SCV  
  54  5:17  SCV, Refinery  
  54  5:18  Refinery  
  54  5:20  Marine  
  56  5:23  SCV  
  60  5:29  SCV  
  60  5:30  Orbital Command  
  60  5:31  Terran Infantry Weapons Level 1  
  60  5:32  Barracks  
  60  5:33  Barracks  
  60  5:34  Terran Infantry Armor Level 1  
  60  5:35  SCV  
  59  5:38  Marine  
  59  5:39  Siege Tank  
  59  5:41  Marine, SCV  
  59  5:42  Marine x2  
  67  5:44  Marine  
  67  5:47  SCV  
  69  5:53  Medivac, SCV  
  69  5:54  Medivac  
  69  5:56  Marine  
  69  5:57  Orbital Command  
  75  5:59  Marine, SCV  
  77  6:04  Supply Depot  
  77  6:05  Marine x2, SCV  
  77  6:06  Marine  
  77  6:08  Supply Depot  
  81  6:11  SCV  
  81  6:13  Marine  
  81  6:17  Marine, SCV  
  85  6:20  Supply Depot  
  85  6:22  Barracks Reactor  
  85  6:23  Barracks Reactor  
  85  6:25  Marine x3  
  85  6:26  SCV x2  
  85  6:29  SCV  
  85  6:31  Marine  
  85  6:32  Supply Depot  
  92  6:34  Supply Depot  
  92  6:35  Marine  
  92  6:38  SCV x2  
  95  6:42  Siege Tank, SCV  
  95  6:43  Marine x2  
  95  6:46  Armory  
  101  6:47  Marine  
  101  6:49  Marine  
  101  6:50  SCV  
  101  6:51  SCV  
  101  6:53  Marine  
  101  6:54  SCV  
  107  6:55  Medivac, Supply Depot  
  107  6:57  Medivac  
  107  7:00  Unknown  
  111  7:01  Marine  
  111  7:02  SCV  
  111  7:03  SCV  
  111  7:05  Supply Depot, Factory  
  111  7:06  SCV  
  115  7:09  Marine x2  
  115  7:11  Marine x3  
  115  7:13  Marine  
  115  7:14  SCV  
  122  7:20  Marine x2  
  122  7:21  Supply Depot, Marine  
  127  7:22  Widow Mine  
  127  7:23  Combat Shield  
  127  7:24  SCV  
  127  7:25  SCV  
  127  7:26  Marine  
  127  7:27  Marine  
  131  7:30  Supply Depot  
  131  7:32  Marine x2  
  133  7:38  Medivac  
  133  7:39  Medivac, Terran Infantry Weapons Level 2  
  133  7:40  Marine x2  
  133  7:41  Marine x2  
  133  7:42  Marine  
  133  7:43  Supply Depot  
  142  7:44  Marine  
  143  7:52  Marine  
  143  7:53  Marine, Terran Infantry Armor Level 2  
  143  7:55  Terran Vehicle And Ship Armor Level 1  
  143  7:56  Factory Reactor, Drilling Claws  
  145  8:00  Marine  
  145  8:01  Marine  
  147  8:07  Marine  
  147  8:08  Marine x2  
  147  8:09  Marine x2  
  147  8:10  Marine  
  147  8:11  Widow Mine  
  155  8:14  Marine  
  155  8:17  Medivac x2  
  155  8:18  Marine x2  
  162  8:25  Marine x2  
  162  8:26  Marine  
  165  8:27  Marine  
  165  8:29  SCV x2  
  165  8:33  Supply Depot  
  165  8:35  Command Center  
  165  8:42  Marine  
  165  8:43  Widow Mine x3, Marauder  
  165  8:48  Marine  
  170  8:50  Barracks x2  
  170  8:51  Barracks  
  149  8:56  SCV x2  
  149  8:57  Marine x2  
  149  9:01  Marine x2  
  137  9:03  SCV  
  137  9:04  Marine  
  137  9:05  Widow Mine, Marauder  
  137  9:08  Marine x3  
  145  9:14  Widow Mine x2  
  145  9:15  SCV  
  150  9:21  Marine  
  150  9:22  Marine  
  150  9:23  Marine x2  
  154  9:26  Marauder  
  156  9:32  Supply Depot  
  156  9:35  Supply Depot  
  156  9:39  Barracks Tech Lab x2  
  156  9:45  Barracks Tech Lab  
  156  9:47  Widow Mine x3  
  156  9:50  SCV x3  
  165  9:54  Supply Depot  
  165  9:55  Marauder  
  165  9:56  Terran Infantry Weapons Level 3  
  166  10:00  Marine  
  166  10:01  Marine, Marauder x2  
  166  10:06  Marauder  
  174  10:07  Concussive Shells  
  174  10:08  SCV x2  
  174  10:09  SCV  
  174  10:12  Marine x2  
  179  10:16  Marauder  
  179  10:20  SCV  
  182  10:22  Planetary Fortress  
  182  10:23  Marauder  
  182  10:24  Terran Infantry Armor Level 3  
  186  10:36  Marauder x2  
  182  10:43  Marine x2  
  182  10:44  Marauder  
  182  10:45  Marine x2  
  182  10:50  Widow Mine x2, Medivac x2  
  182  10:51  Widow Mine  
  195  10:57  Marauder x2  
  195  11:00  Sensor Tower  
  194  11:04  Barracks  
  194  11:05  Barracks, Marauder  
  194  11:06  Barracks  
  196  11:26  Terran Vehicle And Ship Armor Level 2  
  196  11:30  Command Center x2  
  196  11:47  Ghost Academy  
  196  11:48  Supply Depot, Marine  
  196  11:49  Marauder  
  196  11:50  Marauder  
  195  12:03  Marine  
  195  12:05  Marauder  
  195  12:07  Marauder  
  195  12:11  Marauder  
  195  12:12  Marine, Marauder  
  195  12:13  Marine  
  195  12:15  Widow Mine x2  
  189  12:20  Medivac x2  
  189  12:21  Barracks Tech Lab x2  
  189  12:22  Marine x3, Barracks Reactor  
  188  12:26  Marine  
  188  12:27  Marine x2, Marauder  
  188  12:28  Marauder  
  169  12:31  Ghost  
  169  12:32  Ghost  
  158  12:37  Marine x2  
  158  12:40  Marine x3, Marauder x2  
  158  12:41  Widow Mine x2  
  143  12:45  Marine x2  
  143  12:47  Ghost  
  143  12:48  Orbital Command  
  143  12:50  Medivac x2, Marauder  
  136  12:52  Marine  
  136  12:55  Marine x2  
  136  12:56  Widow Mine  
  136  12:57  Orbital Command  
  136  12:58  Marine x2  
  131  13:00  Orbital Command  
  131  13:01  Marauder x2  
  131  13:02  Widow Mine x2, Marine  
  141  13:09  Marauder  
  141  13:10  Marine  
  138  13:14  Marine  
  138  13:15  Marine  
  138  13:16  Marine x2, Marauder  
  138  13:17  Marine  
  131  13:20  Medivac x2  
  131  13:21  Orbital Command  
  131  13:23  Marine  
  131  13:24  Marine  
  137  13:27  Marauder  
  137  13:31  Widow Mine x2  
  137  13:32  Marauder  
  139  13:34  Marauder  
  139  13:37  Marine, Marauder  
  139  13:39  Marine  
  139  13:40  Marine  
  121  13:45  Marauder  
  121  13:46  Marine x2  
  116  13:48  Marine  
  116  13:55  Marauder  
  118  13:58  Widow Mine x2  
  118  14:01  Widow Mine  
  124  14:04  Marine x2, Marauder  
  124  14:06  Marine x3  
  131  14:10  Marauder  
  131  14:11  Marine, Marauder  
  131  14:13  Marine x2  
  138  14:19  Ghost  
  138  14:20  Marauder x2  
  138  14:21  Widow Mine  
  148  14:24  Widow Mine  
  148  14:25  Marauder  
  150  14:32  Marauder  
  150  14:33  Medivac, Marauder  
  150  14:34  Medivac  
  150  14:38  Marine x2  
  160  14:39  Marine  
  160  14:40  Ghost  
  160  14:41  Marine x2, Marauder  
  160  14:43  Marine x2  
  160  14:45  Widow Mine  
  171  14:47  Widow Mine x2  
  170  15:01  Marauder  
  170  15:04  Ghost  
  170  15:05  Ghost, Marauder x2  
  182  15:10  Marine x3  
  182  15:11  Marine  
  182  15:13  Sensor Tower, Marine  
  188  15:14  Unknown  
  184  15:21  Marine  
  185  15:29  Ghost x2  
  189  15:38  Ghost x3  
  186  15:52  Command Center  
  186  15:54  Ghost, Personal Cloaking  
  188  15:57  Ghost  
  190  16:05  Ghost  
  190  16:08  Refinery  
  190  16:09  Refinery  
  192  16:11  SCV  
  192  16:13  Sensor Tower, SCV  
  192  16:14  SCV x2  
  195  16:22  SCV x2  
  197  16:26  Ghost  
  186  17:02  Ghost x2  
  186  17:04  Marine x2  
  186  17:05  Ghost  
  186  17:06  Marine  
  188  17:09  Marine  
  188  17:10  Ghost x2  
  188  17:12  Medivac x2  
  197  17:18  Refinery  
  197  17:21  Ghost, Missile Turret  
  197  17:22  Refinery  
  191  17:43  Ghost x3  
  189  17:48  SCV x2  
  189  17:49  SCV  
  189  17:50  SCV x2  
  194  17:55  Marine x2  
  195  18:00  Marauder  
  195  18:03  Ghost  
  195  18:05  Marine  
  172  18:13  SCV x2  
  172  18:15  SCV  
  172  18:18  Marine, Marauder x2  
  151  18:22  Planetary Fortress  
  151  18:28  SCV x2  
  151  18:29  SCV  
  151  18:30  SCV x2  
  156  18:37  Ghost  
  156  18:38  Ghost  
  156  18:39  Marauder  
  160  18:42  Marauder  
  160  18:43  Refinery  
  160  18:46  Marauder x2  
  160  18:47  Marine  
  160  18:48  Marine  
  168  18:50  Marine  
  168  18:51  Marine  
  170  19:01  Marauder  
  170  19:02  Marine x5  
  166  19:04  Widow Mine, Marauder  
  166  19:05  Widow Mine  
  166  19:07  Widow Mine, Marauder, Orbital Command  
  171  19:10  Marauder x2  
  171  19:12  Marauder  
  177  19:22  Marauder  
  179  19:25  Marauder  
  179  19:28  Marauder  
  182  19:31  Marauder x2  
  182  19:33  Reaper  
  182  19:34  Enhanced Shockwaves, Marauder  
  187  19:41  Medivac x2  
  187  19:43  Marauder  
  193  19:46  Marauder  
  193  19:50  Marauder  
  193  19:59  Widow Mine x2  
  193  20:01  Marauder  
  193  20:02  Marauder x2  
  193  20:04  Widow Mine  
  199  20:14  Marine  
  199  20:15  Command Center  
  197  20:28  Marauder  
  197  20:32  Marine x4, Marauder x2  
  197  20:33  Marine x2  
  179  20:37  Marine x2  
  179  20:39  Marine  
  158  20:44  Marine x2  
  158  20:45  Marauder x2  
  158  20:49  Marine x2  
  159  20:50  Marine  
  159  20:51  Marine x2  
  163  21:04  Ghost x2  
  163  21:05  Ghost  
  163  21:08  Widow Mine  
  163  21:11  Widow Mine  
  170  21:16  Marauder  
  170  21:18  Marauder  
  160  21:19  Marauder  
  158  21:30  Orbital Command  
  158  21:33  Marine x2, Marauder x2  
  158  21:35  Marauder  
  158  21:38  Marauder  
  158  21:39  Orbital Command  
  168  21:40  Widow Mine x2  
  168  21:43  Widow Mine  
  173  21:47  Planetary Fortress  
  172  21:58  Marauder x2  
  172  21:59  Medivac x2  
  172  22:00  Marine  
  172  22:01  Marine  
  181  22:02  Widow Mine x2  
  181  22:07  Unknown  
  182  22:11  Marauder  
  182  22:14  Orbital Command  
  177  22:23  Marauder x2  
  177  22:26  Marauder x3  
  177  22:29  Widow Mine x2, Medivac x2  
  193  22:42  Ghost  
  193  22:43  Ghost  
  189  22:53  Marauder x2  
  189  22:54  Marine x2  
  195  23:01  Marine, Marauder  
  195  23:05  Marine x2  
  186  23:15  Marine x2  
  186  23:16  Marine x3, Marauder x2  
  186  23:17  Marine, Marauder x2  
  200  23:26  Marauder  
  197  23:27  Marine x2  
  197  23:28  Marauder  
  197  23:29  Marine  
  197  23:30  Marine  
  191  23:36  Ghost  
  191  23:37  Marauder  
  191  23:38  Ghost x2  
  193  23:47  Ghost  
  190  23:52  Ghost  
  190  23:55  Marine x2  
  164  23:57  Marine  
  164  23:58  Ghost  
  151  24:11  Ghost  
  151  24:16  Marine x3, Marauder  
  160  24:17  Marauder x2  
  160  24:21  Medivac  
  160  24:22  Medivac  
  162  24:29  Ghost  
  164  24:31  Ghost  
  164  24:34  Marine x2  
  164  24:37  Marine  
  169  24:44  Liberator  
  164  25:10  Marauder  
  164  25:13  Sensor Tower, Liberator, Marauder x2  
  168  25:15  Marauder  
  168  25:19  Widow Mine  
  174  25:21  Widow Mine  
  174  25:22  Marine  
  174  25:24  Marine  
  178  25:41  Widow Mine x2  
  181  25:43  Marauder  
  183  25:50  Ghost  
  183  25:51  Ghost  
  183  25:56  Liberator  
  182  25:57  Liberator  
  182  26:01  Ghost x3  
  186  26:17  Widow Mine x2  
  196  26:19  Widow Mine  
  195  26:32  Marauder  
  178  26:36  Marauder  
  178  26:38  Marine, Marauder x2  
  178  26:39  Widow Mine x2  
  187  26:43  Marine x3  
  190  26:55  Widow Mine  
  190  26:58  Marauder  
  190  26:59  Marine x2  
  190  27:00  Widow Mine  
  198  27:06  Marine  
  196  27:17  Ghost  
  196  27:18  Ghost  
  196  27:21  Medivac  
  191  27:28  Marauder  
  180  27:30  Marine x2, Marauder x2  
  180  27:32  Marine x2  
  180  27:36  Orbital Command  
  181  27:38  Marine  
  162  27:51  Marine x2  
  160  28:10  SCV  
  160  28:11  SCV  
  162  28:13  SCV  
  162  28:15  SCV  
  164  28:20  SCV  
  164  28:24  SCV  
  164  28:27  SCV  
  167  28:30  SCV  
  168  28:41  Ghost  
  168  28:42  Ghost  
  168  28:47  Widow Mine x2  
  172  28:52  SCV x2  
  172  28:53  Marauder  
  172  28:55  SCV  
  177  29:06  SCV  
  177  29:09  SCV x2  
  180  29:20  Ghost  
  182  29:29  Ghost, Marine  
  179  29:31  Marine x2  
  176  29:48  Ghost  
  176  29:50  Ghost  
  176  29:52  Ghost x2  
  180  29:53  Viking x2  
  180  29:54  Ghost  
  180  29:59  Marauder  
  190  30:06  Command Center  
  190  30:07  Orbital Command  
  190  30:13  Orbital Command  
  161  30:17  Marine x3  
  161  30:18  Marauder  
  151  30:22  Marauder  
  153  30:31  Marauder  
  153  30:33  Marine x2  
  144  30:42  Marauder x2  
  148  30:51  Ghost  
  150  31:05  Nuke  
  150  31:06  Orbital Command  
  150  31:07  Ghost  
  154  31:23  Orbital Command  
  152  31:37  Ghost x2  
  156  31:45  Missile Turret  
  152  31:53  Marauder  
  152  31:54  Orbital Command  
  145  31:58  Marine  
  145  32:06  Marauder  
  145  32:11  Marauder  
  145  32:24  Widow Mine x2  
  145  32:28  Marauder  
  149  32:34  Marine x2  
  149  32:35  Liberator  
  151  32:39  Marine x2, Liberator, Marauder x2  
  151  32:42  Marine, Marauder x2  
  162  32:46  Marauder  
  162  32:49  Marauder  
  162  32:50  Widow Mine x2  
  176  33:01  Refinery x2  
  176  33:04  Marauder x3  
  180  33:18  Liberator  
  167  33:22  Liberator  
  165  33:29  Marauder  
  165  33:31  Marine x2  
  169  33:40  Ghost  
  169  33:41  Ghost x2  
  171  33:42  Marine x3  
  171  33:43  Marine x4  
  171  33:45  Widow Mine x2  
  171  33:47  Marauder  
  184  33:49  Marine  
  184  33:50  Marine x2  
  184  33:51  Marine x2  
  189  33:56  Nuke  
  189  34:08  Marauder  
  189  34:09  Marauder x3  
  194  34:18  Medivac  
  194  34:21  Marauder  
  194  34:22  Medivac  
  200  34:24  Marauder  
  195  34:54  Marine x2, Marauder  
  195  34:59  Marauder  
  177  35:04  Marauder  
  177  35:05  Marauder  
  177  35:06  Marine x2  
  175  35:08  Marine x2, Marauder  
  175  35:13  Marine x2, Marauder  
  167  35:17  Viking x2  
  167  35:20  Marauder  
  143  35:25  Marine x2  
  111  35:29  Marine x2  
  111  35:32  Marine  
  111  35:33  Marine x4  
  102  35:36  Marine  
  102  35:37  Marine  
Tags
 
Add a new tag
Caveats
  • Supply blocks, unpowered buildings, or Contaminate may cause inaccurate times.
  • Supply counts are checked every 10 seconds.